 Dungeon Crawl Stone Soup version 0.14-a0-1739-g6c2808e (webtiles) character file.

71697 Moondog the Eclecticist (level 14, -8/78 HPs)
             Began as a Deep Elf Wizard on Jan 2, 2014.
             Was a High Priest of Vehumet.
             Mangled by an orc warrior
             ... wielding a +3,+5 orcish short sword
             ... led by an orc high priest
              (17 damage)
             ... while paralysed by an orc sorcerer
             ... on Level 4 of the Orcish Mines on Jan 3, 2014.
             The game lasted 04:35:27 (32797 turns).

Moondog the Eclecticist (Deep Elf Wizard)          Turns: 32797, Time: 04:35:27

HP  -8/78        AC 12     Str 12      XL: 14   Next: 92%
MP  25/48        EV  2     Int 23      God: Vehumet [*****.]
Gold 1639        SH  0     Dex 12      Spells: 12 memorised,  3 levels left

rFire  + + .     SeeInvis +     b - staff of fire
rCold  . . .     Clarity  .     z - +0 troll leather armour
rNeg   + . .     Conserve .     (no shield)
rPois  +         rCorr    .     u - +1 helmet {SInv}
rElec  +         rRot     .     x - +1 ratskin cloak {rPois rN+ Dex-1 Int-1}
SustAb . .       Spirit   .     c - +2 pair of gloves of Trog's Generosity {Str+4 Int-1}
rMut   .         Warding  .     B - +0 pair of boots
Saprov . . .     Stasis   .     (no amulet)
                                y - ring "Wugepnij" {rElec rF+ SInv}
                                o - ring of magical power

@: paralysed, delayed fireball, somewhat resistant to hostile enchantments,
fairly stealthy
A: no striking features
a: Renounce Religion, Release Delayed Fireball


You were on level 4 of the Orcish Mines.
You worshipped Vehumet.
Vehumet was extremely pleased with you.
You were very hungry.

You visited 4 branches of the dungeon, and saw 25 of its levels.
You also visited: Labyrinth.

You collected 1834 gold pieces.
You spent 195 gold pieces at shops.

Inventory:

Hand weapons
 a - the +7,+7 falchion "Zymuwkats" {drain, rF+ Stlth+}
   (You found it on level 3 of the Lair of Beasts)

   A truly terrible weapon, it drains the life of those it strikes.
   It protects you from fire.
   It makes you much more stealthy.
Armour
 c - the +2 pair of gloves of Trog's Generosity (worn) {Str+4 Int-1}
   (You acquired it on level 8 of the Lair of Beasts)

   It affects your strength (+4).
   It affects your intelligence (-1).
 u - a +1 helmet of see invisible (worn)
 x - the +1 ratskin cloak (worn) {rPois rN+ Dex-1 Int-1}
   (You acquired it on level 8 of the Lair of Beasts)

   It affects your intelligence (-1).
   It affects your dexterity (-1).
   It protects you from poison.
   It protects you from negative energy.
 z - a +0 troll leather armour (worn)
 B - a +0 pair of boots (worn)
Magical devices
 f - a wand of draining (3)
 k - a wand of disintegration (12)
 l - a wand of confusion (6)
 C - a wand of paralysis (1)
 H - a wand of invisibility (6)
 I - a wand of frost (2)
Comestibles
 d - 4 bread rations
 t - an apple
 G - a meat ration
 O - 3 rotting chunks of orc flesh
Scrolls
 g - 5 scrolls of remove curse
 j - 4 scrolls of fog
 D - a scroll of holy word {unknown}
 K - a scroll of summoning
 N - 4 scrolls of teleportation
Jewellery
 o - a ring of magical power (left hand)
 q - an uncursed ring of sustenance {unknown}
 r - an uncursed ring of see invisible {unknown}
 w - an uncursed ring of protection from magic
 y - the ring "Wugepnij" (right hand) {rElec rF+ SInv}
   (You found it on level 3 of the Lair of Beasts)

   [ring of protection from fire]

   It insulates you from electricity.
   It enhances your eyesight.
 A - an uncursed ring of wizardry
 E - an uncursed amulet of stasis
 F - a +3 ring of intelligence
Potions
 e - a potion of magic
 h - a potion of agility {unknown}
 i - a potion of restore abilities
 m - 3 potions of brilliance
 n - 5 potions of curing
 s - 3 potions of heal wounds
 v - a potion of resistance
 J - 2 potions of berserk rage
Magical staves
 b - an uncursed staff of fire (weapon)
Miscellaneous
 U - a plain deck of war
Rods
 p - a -2 rod of destruction (9/9)
   (You took it off a minotaur in a labyrinth)


   Skills:
 - Level 5.0 Fighting
 + Level 9.9 Dodging
 - Level 2.4 Stealth
 - Level 17.0 Spellcasting
 + Level 14.9 Conjurations
 - Level 8.9 Charms
   Level 1.1 Summonings
 - Level 2.0 Translocations
 + Level 14.2 Fire Magic
 - Level 4.2 Air Magic
 - Level 1.0 Poison Magic


You had 3 spell levels left.
You knew the following spells:

 Your Spells              Type           Power        Failure   Level  Hunger
a - Magic Dart            Conj           ####         0%          1    None
c - Poison Arrow          Conj/Pois      ######....   4%          6    ####...
d - Fireball              Conj/Fire      #######...   1%          5    None
e - Conjure Flame         Conj/Fire      #######.     1%          3    None
f - Bolt of Fire          Conj/Fire      #######...   1%          6    ####...
q - Sticky Flame          Conj/Fire      #######.     1%          4    None
r - Repel Missiles        Chrm/Air       #####.....   1%          2    None
s - Mephitic Cloud        Conj/Pois/Air  ######..     1%          3    None
t - Delayed Fireball      Conj/Fire      N/A          2%          7    ######.
w - Regeneration          Chrm/Necr      #####.....   1%          3    None
x - Orb of Destruction    Conj           ######....   1%          7    ######.
z - Blink                 Tloc           N/A          1%          2    None


Dungeon Overview and Level Annotations

Branches:
Dungeon (12/16)            Temple (1/1) D:6             Orc (4/4) D:12
    Elf (0/3) Orc:3          Lair (8/8) D:8          Shoals (0/5) Lair:3
 Spider (0/5) Lair:4        Slime (0/6) Lair:8

Altars:
Ashenzari
Cheibriados
Elyvilon
Fedhas
Kikubaaqudgha
Makhleb
Nemelex Xobeh
Okawaru
Sif Muna
Trog
Vehumet
Xom
Yredelemnul
Zin
the Shining One
Jiyva

Shops:
D:5 /?!/}   D:11 :   D:12 (

Annotations:
Lair:6 exclusion: 3 oklob plants


Message History

The orc warrior hits you but does no damage.
The orc priest hits you with an orcish hand axe.
The orc sorcerer mumbles some strange words.
The orc warrior hits you but does no damage.
The orc warrior hits you with a runed orcish short sword!
* * * LOW HITPOINT WARNING * * *
The goblin hits you but does no damage.
The orc priest hits you but does no damage.
The orc warrior hits you but does no damage.
The orc warrior barely misses you. The goblin hits you but does no damage.
The orc sorcerer unwields an uncursed orcish dagger.
The orc sorcerer drops an uncursed orcish dagger.
The orc sorcerer picks up an uncursed orcish mace.
The orc sorcerer wields an uncursed orcish mace.
The orc priest mumbles some strange prayers to Beogh against you.
You resist.
The orc warrior hits you with an orcish short sword!
* * * LOW HITPOINT WARNING * * *
The orc warrior hits you with a runed orcish short sword!
You die...

. . # ..... ...
.....# .#...
....... ......
...o3).. #......
.....%..##.......
.........g....%....
..%.%%%.)o@(([[.%..
.....$..)oo.$)%%.[.
.......%.[....(....
........()(...($...
...................
#............<...
.....#..........
...).......%[..
.........)[..


You could see a smoke demon, an orc sorcerer, 2 orc warriors, an orc priest and
a goblin.

Vanquished Creatures
  A minotaur (Lab)
  Fannar (Orc:4)
  4 hydras
  The ghost of zermakorobin the Impaler, a powerful NaBe of Trog (Orc:2)
  23 death yaks (Lair:8)
  An orc high priest (Orc:4)
  3 catoblepae (Lair:8)
  3 unseen horrors
  A hill giant (D:8)
  An orc knight (Orc:1)
  A wolf spider (Lair:8)
  A griffon (Lair:7)
  An orc sorcerer (Orc:1)
  7 elephants
  9 spiny frogs
  2 black mambas
  6 komodo dragons
  A queen bee (Lair:5)
  4 wandering mushrooms (Lair:4)
  An orb spider (Lair:4)
  3 trolls
  A spriggan (D:10)
  4 slime creatures (D:12)
  The ghost of HollowCharge the Slasher, an average TeFi (D:4)
  16 blink frogs
  5 basilisks
  7 hippogriffs
  A trapdoor spider (Lab)
  2 sharks
  4 fire drakes
  2 grizzly bears
  A wyvern (D:8)
  A shadow (D:12)
  2 hill giant zombies (D:12)
  3 elephant slugs (Lair:8)
  68 yaks
  18 wolves
  4 manticores
  3 sky beasts
  A black bear (D:8)
  3 giant goldfish
  2 ice beasts
  4 phantoms
  A yellow wasp (D:11)
  8 ogres
  14 orc warriors
  9 porcupines
  A boring beetle (Lair:3)
  16 crocodiles
  Sigmund (D:4)
  6 centaurs
  5 wargs
  7 giant slugs
  A big kobold (D:10)
  Blork the orc (Orc:1)
  12 water moccasins
  2 wyvern zombies
  3 agate snails
  19 giant frogs
  A troll zombie (D:11)
  An eye of draining (D:9)
  4 jellyfish
  A hippogriff zombie (D:6)
  6 electric eels
  12 wights
  27 killer bees
  6 crimson imps
  3 goliath beetles
  9 hounds
  A yellow wasp zombie (D:8)
  4 big fish (Lair:4)
  A centaur skeleton (D:4)
  13 jellies
  10 worker ants
  A two-headed ogre zombie (D:10)
  7 iguanas
  5 scorpions
  A two-headed ogre skeleton (D:8)
  12 orc priests
  5 orange rats (Lair:4)
  18 orc wizards
  18 sheep
  A mottled dragon zombie (D:11)
  An ogre skeleton (D:9)
  A hound zombie (D:11)
  A hound skeleton (D:9)
  22 adders
  2 gnolls (D:6)
  7 giant centipedes
  45 green rats
  A giant mite (Lair:2)
  2 worms
  A giant centipede zombie (D:6)
  A giant eyeball (D:9)
  14 giant geckos
  An ooze (D:4)
  102 orcs
  27 bats
  A bat skeleton (D:5)
  A bat zombie (D:5)
  9 giant cockroaches
  17 goblins
  19 hobgoblins
  34 jackals
  6 quokkas
  A ball python (D:2)
  3 giant newts
  A giant spore (D:7)
  16 kobolds
  2 kobold skeletons (D:5)
  An orc skeleton (D:5)
  23 rats
  3 ballistomycetes
  5 bushes (Lair:8)
  5 fungi
  2 plants
878 creatures vanquished.

Vanquished Creatures (collateral kills)
  A killer bee (Lair:5)
1 creature vanquished.

Vanquished Creatures (others)
  An orc (Orc:2)
  A giant spore (D:11)
  7 fungi
  2 plants
11 creatures vanquished.

Grand Total: 890 creatures vanquished

Notes
Turn   | Place    | Note
--------------------------------------------------------------
     0 | D:1      | Moondog, the Deep Elf Wizard, began the quest for the Orb.
     0 | D:1      | Reached XP level 1. HP: 10/10 MP: 6/6
   209 | D:1      | Reached skill level 5 in Spellcasting
   209 | D:1      | Reached XP level 2. HP: 15/15 MP: 5/11
   213 | D:1      | Learned a level 2 spell: Blink
  1167 | D:2      | Reached XP level 3. HP: 19/19 MP: 14/14
  1172 | D:2      | Learned a level 3 spell: Mephitic Cloud
  1176 | D:2      | Learned a level 3 spell: Conjure Flame
  2055 | D:2      | Learned a level 2 spell: Repel Missiles
  2190 | D:3      | Reached skill level 1 in Poison Magic
  2376 | D:3      | Found a sparkling altar of Nemelex Xobeh.
  2376 | D:3      | Found a burning altar of Makhleb.
  2488 | D:3      | Reached XP level 4. HP: 24/24 MP: 17/17
  2698 | D:3      | Reached skill level 1 in Air Magic
  3145 | D:4      | Noticed HollowCharge's ghost (average TeFi)
  3158 | D:4      | Killed HollowCharge's ghost
  3158 | D:4      | Reached XP level 5. HP: 22/28 MP: 16/20
  3158 | D:4      | Reached XP level 6. HP: 25/32 MP: 16/21
  3295 | D:4      | Reached skill level 5 in Conjurations
  3520 | D:4      | Noticed a sky beast
  3534 | D:4      | Killed a sky beast
  4007 | D:4      | Reached skill level 6 in Conjurations
  4007 | D:4      | Reached XP level 7. HP: 34/36 MP: 23/23
  4381 | D:4      | Noticed Sigmund
  4417 | D:4      | Killed Sigmund
  4504 | D:5      | Entered Level 5 of the Dungeon
  4858 | D:4      | Noticed a necrophage
  5030 | D:4      | Reached skill level 7 in Conjurations
  5142 | D:4      | Reached skill level 1 in Fire Magic
  5186 | D:5      | Found Kijeiwk's Magical Wand Shoppe.
  5378 | D:5      | Found Siqabo Strac's Gadget Shop.
  5545 | D:5      | Reached XP level 8. HP: 41/41 MP: 24/24
  5586 | D:5      | Reached skill level 8 in Conjurations
  5990 | D:5      | Found Waugat's Magical Wand Shop.
  5996 | D:5      | Found Womivat's Magic Scroll Boutique.
  6004 | D:5      | Bought a scroll of identify for 22 gold pieces
  6004 | D:5      | Bought a scroll of remove curse for 33 gold pieces
  6007 | D:5      | Found Qiacagg's Distillery.
  6021 | D:5      | Bought a potion of heal wounds for 42 gold pieces
  6120 | D:6      | Found a staircase to the Ecumenical Temple.
  6140 | Temple   | Entered the Ecumenical Temple
  6437 | D:6      | Reached skill level 9 in Conjurations
  6479 | D:6      | Got an encrusted quarterstaff
  6480 | D:6      | Identified the cursed -2,-2 quarterstaff "Sootiom" {elec, -Cast rF++ Str+2 Dex-4 Int+3} (You found it on level 6 of the Dungeon)
  7261 | D:6      | Reached skill level 5 in Dodging
  7388 | D:6      | Found an iron altar of Okawaru.
  7479 | D:6      | Reached skill level 10 in Conjurations
  7520 | D:7      | Reached XP level 9. HP: 45/45 MP: 22/26
  8123 | D:7      | Reached skill level 11 in Conjurations
  8768 | D:5      | Bought a potion of mutation for 42 gold pieces
  8769 | D:5      | Bought 2 potions of degeneration for 56 gold pieces
  8784 | D:5      | Paralysed by a potion of paralysis for 6 turns
  9150 | D:8      | Found a staircase to the Lair.
  9154 | D:8      | Noticed a hill giant
  9270 | D:8      | Killed a hill giant
  9270 | D:8      | Reached skill level 12 in Conjurations
  9342 | D:8      | Found a white marble altar of Elyvilon.
  9551 | D:8      | Found an ancient bone altar of Kikubaaqudgha.
  9560 | D:8      | Identified Kikubaaqudgha's Collected Works on Necromancy
  9572 | D:8      | Found a deep blue altar of Sif Muna.
  9576 | D:8      | Identified Sif Muna's Tome of Attacks
  9582 | D:8      | Found a radiant altar of Vehumet.
  9586 | D:8      | Identified Vehumet's Handbook of Confrontation
  9593 | D:8      | Became a worshipper of Vehumet
  9893 | D:8      | Reached XP level 10. HP: 50/50 MP: 27/27
 10317 | Lair:1   | Entered Level 1 of the Lair of Beasts
 10390 | Lair:1   | Learned a level 4 spell: Sticky Flame
 10396 | Lair:1   | Learned a level 5 spell: Fireball
 11332 | Lair:1   | Reached skill level 5 in Fire Magic
 12714 | Lair:1   | Acquired Vehumet's first power
 12714 | Lair:1   | Offered knowledge of Shock by Vehumet.
 13220 | Lair:1   | Reached XP level 11. HP: 54/54 MP: 1/31
 13823 | Lair:2   | Reached skill level 1 in Fighting
 13892 | Lair:2   | Offered knowledge of Searing Ray by Vehumet.
 14403 | Lair:2   | Offered knowledge of Stone Arrow by Vehumet.
 14838 | Lair:2   | Reached skill level 10 in Fire Magic
 15058 | Lair:2   | Acquired Vehumet's second power
 15378 | Lair:3   | Found a staircase to the Shoals.
 15967 | Lair:3   | Got a sparkling jade ring
 15982 | Lair:3   | Identified the ring "Wugepnij" {rElec rF+ SInv} (You found it on level 3 of the Lair of Beasts)
 16002 | Lair:3   | Offered knowledge of Airstrike by Vehumet.
 16129 | Lair:3   | Got a pitted falchion
 16130 | Lair:3   | Identified the +7,+7 falchion "Zymuwkats" {drain, rF+ Stlth+} (You found it on level 3 of the Lair of Beasts)
 16240 | Lair:3   | Acquired Vehumet's third power
 16388 | Lair:2   | Offered knowledge of Fulminant Prism by Vehumet.
 16487 | Lair:4   | Reached skill level 5 in Fighting
 16756 | Lair:4   | Reached XP level 12. HP: 65/68 MP: 7/32
 17215 | Lair:4   | Found a hole to the Spider Nest.
 17332 | Lair:4   | Reached skill level 10 in Spellcasting
 18044 | Lair:5   | Got an iridescent bow
 18045 | Lair:5   | Identified the +7,+8 bow of Misery {frost, Dex+4 SInv} (You found it on level 5 of the Lair of Beasts)
 18323 | Lair:5   | Offered knowledge of Bolt of Fire by Vehumet.
 18331 | Lair:5   | Learned a level 6 spell: Bolt of Fire
 18860 | Lair:5   | Reached skill level 13 in Conjurations
 19257 | Lair:5   | Noticed a five-headed hydra
 19260 | Lair:5   | Killed a five-headed hydra
 19563 | Lair:5   | Learned a level 3 spell: Regeneration
 20263 | Lair:6   | Offered knowledge of Orb of Destruction by Vehumet.
 21059 | Lair:6   | You fall through a shaft for 2 floors!
 21059 | Lair:8   | Entered Level 8 of the Lair of Beasts
 21059 | Lair:8   | Noticed a four-headed hydra
 21068 | Lair:8   | Killed a four-headed hydra
 21222 | Lair:8   | Noticed a seven-headed hydra
 21226 | Lair:8   | Killed a seven-headed hydra
 21662 | Lair:8   | Identified 2 scrolls of acquirement
 21663 | Lair:8   | Got a pair of fine gloves
 21666 | Lair:8   | Identified the +2 pair of gloves of Trog's Generosity {Str+4 Int-1} (You acquired it on level 8 of the Lair of Beasts)
 21685 | Lair:8   | Reached XP level 13. HP: 25/72 MP: 32/35
 21694 | Lair:8   | Learned a level 7 spell: Orb of Destruction
 22421 | Lair:7   | Reached skill level 14 in Spellcasting
 23022 | Lair:7   | Reached skill level 15 in Spellcasting
 23025 | Lair:7   | Offered knowledge of Poison Arrow by Vehumet.
 23033 | Lair:7   | Learned a level 6 spell: Poison Arrow
 23840 | Lair:7   | Reached skill level 16 in Spellcasting
 23891 | Lair:7   | Upgraded the game from 0.14-a0-1721-g84c87b2 to 0.14-a0-1739-g6c2808e
 24275 | Lair:8   | Reached skill level 5 in Charms
 24320 | Lair:8   | Reached XP level 14. HP: 78/78 MP: 20/39
 24800 | Lair:8   | Got a smoking great mace
 24801 | Lair:8   | Identified the +1,+3 great mace "Gra The" {drain, Str-1 Int+3} (You found it on level 8 of the Lair of Beasts)
 25019 | Lair:8   | Found a viscous altar of Jiyva.
 25020 | Lair:8   | Found a staircase to the Slime Pits.
 25758 | D:9      | Found a deep blue altar of Sif Muna.
 26563 | D:9      | Found a basalt altar of Yredelemnul.
 26660 | D:10     | Entered Level 10 of the Dungeon
 27185 | D:10     | Offered knowledge of Ignite Poison by Vehumet.
 27552 | D:11     | Found a white marble altar of Elyvilon.
 27576 | D:11     | Found Vybef's Book Emporium.
 27666 | D:11     | Found a labyrinth entrance.
 27688 | Lab      | Entered a labyrinth
 28778 | Lab      | Identified the Guide on Aerial Battle Magic
 28779 | Lab      | Got a crystal spear
 28779 | Lab      | Got a faintly glowing spear
 29050 | Lair:2   | Identified the +8,+9 spear "Strubole" {freeze, rElec rN+ Curse} (You found it in a labyrinth)
 29051 | Lair:2   | Identified a rod of destruction (You took it off a minotaur in a labyrinth)
 29052 | Lair:2   | Identified the +7,+3 spear of Cososk {antimagic, MR++ Dex+3} (You found it in a labyrinth)
 30106 | D:12     | Found Pakyeng's Weapon Shop.
 30108 | D:12     | Found a staircase to the Orcish Mines.
 30252 | D:12     | Offered knowledge of Delayed Fireball by Vehumet.
 30261 | D:12     | Learned a level 7 spell: Delayed Fireball
 30395 | D:12     | Got a glittering amber ring
 30396 | D:12     | Identified the ring of Vibbapoh {-Cast +Fly rC+ Str+3 Acc+6 Dam+5} (You found it on level 12 of the Dungeon)
 30584 | D:12     | Reached skill level 17 in Spellcasting
 31109 | Orc:1    | Entered Level 1 of the Orcish Mines
 31238 | Orc:2    | Noticed zermakorobin's ghost (powerful NaBe)
 31406 | Orc:2    | Killed zermakorobin's ghost
 31675 | Orc:1    | Noticed Blork the orc
 31678 | Orc:1    | Killed Blork the orc
 32243 | Orc:3    | Found a staircase to the Elven Halls.
 32613 | Orc:4    | Entered Level 4 of the Orcish Mines
 32615 | Orc:4    | Noticed Fannar
 32616 | Orc:4    | Killed Fannar
 32630 | Orc:4    | Offered knowledge of Iron Shot by Vehumet.
 32791 | Orc:4    | Paralysed by an orc sorcerer for 7 turns
 32797 | Orc:4    | Mangled by an orc warrior

Action                   |  1- 3 |  4- 6 |  7- 9 | 10-12 | 13-15 || total
-------------------------+-------+-------+-------+-------+-------++-------
Melee: Whip              |     7 |       |       |       |       ||     7
       Short sword       |     1 |    33 |    88 |   135 |       ||   257
       Falchion          |       |       |       |    23 |     7 ||    30
       Unarmed           |       |       |       |     1 |       ||     1
       Staff             |       |       |       |     9 |    11 ||    20
 Fire: Blowgun           |       |       |    40 |     7 |       ||    47
 Cast: Magic Dart        |    97 |    69 |   332 |   847 |   369 ||  1714
       Mephitic Cloud    |     2 |     8 |    44 |    94 |    16 ||   164
       Blink             |     1 |       |    17 |    10 |     8 ||    36
       Conjure Flame     |       |     6 |    36 |    30 |     9 ||    81
       Repel Missiles    |       |       |     3 |     6 |     3 ||    12
       Fireball          |       |       |       |    69 |   159 ||   228
       Sticky Flame      |       |       |       |    58 |    68 ||   126
       Bolt of Fire      |       |       |       |     5 |    59 ||    64
       Poison Arrow      |       |       |       |       |    12 ||    12
       Orb of Destructio |       |       |       |       |     6 ||     6
       Delayed Fireball  |       |       |       |       |     1 ||     1
Evoke: Wand              |       |       |       |     6 |     2 ||     8
  Use: Scroll            |       |       |     3 |    18 |    15 ||    36
       Potion            |       |       |     7 |       |       ||     7
 Stab: Confused          |     1 |     1 |     7 |    14 |       ||    23
       Sleeping          |       |       |       |     1 |       ||     1
